 Dungeon Crawl Stone Soup version 0.19.5 (console) character file.

67 Grinner the Sneak (level 3, 0/18 HPs)
             Began as a Spriggan Assassin on Mar 5, 2017.
             Succumbed to an adder's poison
             ... on level 2 of the Dungeon.
             The game lasted 00:02:24 (1120 turns).

Grinner the Sneak (Spriggan Assassin)               Turns: 1120, Time: 00:02:25

Health: 0/18       AC:  7    Str:  4 (7)  XL:     3   Next: 98%
Magic:  4/4        EV: 23    Int: 11 (12) God:
Gold:   83         SH:  0    Dex: 20 (23) Spells: 0 memorised, 2 levels left

rFire  . . .     SeeInvis +     a - +2 dagger
rCold  . . .     Gourm    .     c - +0 robe
rNeg   . . .     Faith    +     (shield restricted)
rPois  .         Spirit   .     (helmet restricted)
rElec  .         Reflect  .     d - +0 cloak
rCorr  .         Harm     .     (gloves unavailable)
MR     .....                    (boots unavailable)
Stlth  ++++......               n - amulet of faith
                                j - +4 ring of protection
                                i - ring of loudness (curse)

@: agile, lethally poisoned (0 -> -4), very quick
A: unfitting armour, see invisible, herbivore 3, speed 3, slow metabolism 2
a: no special abilities


You were on level 2 of the Dungeon.
You were not hungry.

You visited 1 branch of the dungeon, and saw 2 of its levels.

You collected 83 gold pieces.

Inventory:

Hand Weapons
 a - a +2 dagger (weapon)
 b - a +0 blowgun
Missiles
 e - 25 poisoned needles
 f - 2 curare-tipped needles
Armour
 c - a +0 robe (worn)
 d - a +0 cloak (worn)
Jewellery
 i - a cursed ring of loudness (left hand)
 j - a +4 ring of protection (right hand)
 n - an amulet of faith (around neck)
Scrolls
 h - a scroll of fear {unknown}
 l - a scroll of identify {unknown}
 p - a scroll of immolation {unknown}
Potions
 m - a potion of agility
Books
 o - a book of Maledictions

   Spells                             Type                      Level
   a - Corona                         Hexes                        1
   b - Ensorcelled Hibernation        Hexes/Ice                    2
   c - Confuse                        Hexes                        3
   d - Tukima's Dance                 Hexes                        3
   e - Dazzling Spray                 Conjuration/Hexes            3
Comestibles
 g - a bread ration


   Skills:
 - Level 1.5 Fighting
 + Level 3.0 Short Blades
 - Level 2.0 Throwing
 + Level 2.7 Dodging
 * Level 7.4 Stealth


You had 2 spell levels left.
You didn't know any spells.

Dungeon Overview and Level Annotations

Branches:
Dungeon (2/15)

Altars:


Innate Abilities, Weirdness & Mutations

You are very small and have problems with some larger weapons.
You are too small for most types of armour.
You have supernaturally acute eyesight. (SInv)
You are a herbivore.
You cover ground extremely quickly.
You need consume almost no food.


Message History

The adder completely misses you.
You are too injured to fight recklessly!
You are too injured to fight recklessly!
You are too injured to fight recklessly!
You barely miss the adder.
The adder is heavily wounded.
* * * LOW HITPOINT WARNING * * *
You feel sick. The adder barely misses you.
You barely miss the adder.
The adder is heavily wounded.
The adder misses you.
You hit the adder but do no damage.
The adder is heavily wounded.
The adder completely misses you.
You hit the adder.
The adder is severely wounded.
The adder misses you.
You miss the adder.
The adder is severely wounded.
You die...

.##..# ##.# ###..# #.#
..#..#### #.#
#.#..##.###.###########
#.#..#.#.##.>.........#
..)...###....###..###.#
#....## ##.#.###..###.##
###.#.###†##.##.........
#.##.#.#...)..@.###.##
#.###.##.#.##..S#
##.######.#........
#...# #.##....#### #<..#
#.##.##.# #...# #....
..# ##...########. ###
(........# ..........#


You could see an adder.

Vanquished Creatures
  An adder (D:2)
  A worm (D:2)
  A dart slug (D:1)
  5 leopard geckos
  A ball python (D:2)
  5 bats (D:1)
  3 giant cockroaches (D:2)
  7 goblins
  6 hobgoblins
  3 jackals (D:1)
  3 kobolds
  A quokka (D:2)
  A frilled lizard (D:1)
  2 rats (D:1)
40 creatures vanquished.

Notes
Turn   | Place    | Note
-------+----------+-------------------------------------------
     0 | D:1      | Grinner the Spriggan Assassin began the quest for the Orb.
     0 | D:1      | Reached XP level 1. HP: 10/10 MP: 2/2
    36 | D:1      | Reached skill level 6 in Stealth
   185 | D:1      | Reached XP level 2. HP: 10/14 MP: 3/3
   567 | D:1      | Reached XP level 3. HP: 16/18 MP: 4/4
   877 | D:2      | Reached skill level 7 in Stealth
  1120 | D:2      | Succumbed to an adder's poison

Skill      XL: |  1  2  3 |
---------------+----------+-----
Stealth        | 6 7 |  7.4
Dodging        | 2 |  2.7
Short Blades   | 3 |  3.0
Fighting       | |  1.5
Throwing       | |  2.0

Action                   || total
-------------------------++-------
Melee: Dagger            ||   172
  Use: Potion            ||     2
 Stab: Sleeping          ||    10
Armor: Robe              ||    31
Dodge: Dodged            ||   161
